Map: Old Sun Temple LE

Players

Serral

  • Race: Zerg Zerg
  • League: Master
  • Spawn Location: 5:00

Reynor - Winner!

  • Race: Zerg Zerg
  • League: Master
  • Spawn Location: 11:00

VOD

Have the link to the VOD?

Description

Time

  • Played on: July 5, 2026, 9:39 a.m.
  • Length: 12:04
Show
View Real Time Build Order
Export as new Build Order

Serral Zerg 

Build Orders: Hatch First 

Get SALT Encoding   

  8  0:00  Drone  
  9  0:09  Drone  
  10  0:17  Drone  
  11  0:27  Overlord  
  11  0:32  Drone  
  12  0:45  Drone x2  
  14  0:50  Drone  
  15  1:10  Hatchery  
  14  1:14  Drone  
  14  1:18  Drone  
  16  1:21  Drone  
  17  1:36  Spawning Pool  
  17  1:38  Extractor  
  15  1:41  Drone  
  15  1:43  Drone  
  17  1:49  Drone  
  18  2:01  Drone  
  19  2:09  Overlord  
  19  2:22  Queen  
  19  2:23  Zergling x4  
  22  2:33  Zergling x4  
  23  2:48  Zergling x2  
  16  3:01  Drone  
  15  3:11  Drone  
  15  3:14  Drone  
  17  3:20  Drone  
  17  3:25  Drone  
  18  3:30  Drone  
  18  3:32  Drone  
  20  3:37  Drone  
  21  3:42  Drone  
  21  3:45  Drone  
  21  3:48  Drone  
  24  3:52  Drone  
  25  3:56  Drone  
  25  3:59  Drone x2  
  28  4:06  Overlord  
  28  4:10  Drone  
  28  4:12  Drone  
  30  4:20  Metabolic Boost  
  30  4:23  Drone  
  30  4:24  Drone  
  32  4:27  Overlord  
  32  4:34  Queen  
  32  4:36  Drone  
  36  4:38  Drone  
  36  4:40  Drone  
  37  4:46  Evolution Chamber  
  37  4:48  Drone x2  
  37  4:50  Drone  
  39  4:55  Overlord  
  39  4:56  Drone  
  39  4:59  Drone  
  40  5:12  Hatchery, Zergling x2  
  40  5:13  Zergling x2  
  41  5:17  Drone  
  41  5:19  Zerg Ground Armor Level 1  
  42  5:21  Zergling x4  
  42  5:24  Zergling x2  
  42  5:25  Zergling x2  
  46  5:33  Baneling Nest  
  45  5:38  Zergling x8  
  49  5:44  Queen  
  49  5:45  Overlord  
  49  5:48  Zergling x4  
  53  5:52  Zergling x4  
  55  5:58  Overlord  
  55  6:03  Drone  
  56  6:04  Extractor  
  56  6:05  Zergling x4  
  56  6:10  Zergling x2  
  58  6:16  Drone x3  
  61  6:18  Zergling x2  
  61  6:19  Zergling x6  
  61  6:21  Baneling  
  61  6:22  Baneling x3  
  65  6:29  Zergling x6  
  63  6:34  Baneling x2  
  63  6:38  Zergling x6  
  66  6:40  Baneling  
  66  6:44  Zergling x4  
  65  6:51  Zergling x14  
  68  6:58  Overlord  
  68  7:00  Zergling x2  
  67  7:02  Overlord  
  67  7:05  Zergling x4  
  69  7:08  Lair  
  69  7:13  Zergling x2  
  69  7:15  Zergling x4  
  71  7:19  Queen x2  
  75  7:25  Zergling x2  
  75  7:26  Zergling x4  
  78  7:34  Drone x3  
  78  7:35  Drone x3  
  81  7:39  Drone x3  
  81  7:46  Zerg Melee Weapons Level 1  
  81  7:49  Drone x2  
  83  7:53  Overlord  
  83  8:00  Drone  
  83  8:04  Spore Crawler, Queen  
  83  8:05  Spore Crawler  
  84  8:10  Spore Crawler  
  84  8:11  Queen  
  81  8:13  Queen  
  81  8:15  Drone  
  81  8:19  Drone  
  84  8:24  Spore Crawler, Drone  
  84  8:26  Overlord  
  83  8:29  Overlord  
  83  8:33  Drone  
  83  8:38  Overlord  
  83  8:44  Queen  
  83  8:45  Baneling, Centrifugal Hooks  
  83  8:48  Queen  
  85  8:49  Queen, Drone x3  
  85  8:53  Drone  
  85  8:54  Drone x3  
  95  8:55  Overseer  
  95  8:58  Drone x2  
  95  8:59  Drone  
  98  9:04  Infestation Pit  
  98  9:05  Extractor  
  98  9:06  Overlord  
  98  9:08  Drone  
  98  9:09  Drone x2  
  99  9:11  Baneling x2  
  99  9:16  Drone x5  
  104  9:19  Extractor  
  104  9:23  Nydus Network, Pneumatized Carapace  
  102  9:25  Queen  
  106  9:36  Overlord, Extractor, Spore Crawler  
  106  9:38  Drone x3  
  107  9:41  Hive  
  107  9:44  Baneling x2  
  106  9:45  Drone x2  
  106  9:51  Overlord  
  106  9:52  Overlord  
  107  9:57  Drone x2  
  109  10:03  Queen  
  109  10:06  Zergling x12  
  117  10:13  Nydus Canal  
  117  10:14  Queen  
  117  10:18  Spore Crawler  
  117  10:19  Spore Crawler  
  117  10:21  Zergling x20  
  126  10:34  Zergling x4  
  126  10:35  Nydus Canal  
  126  10:38  Zergling x4, Baneling  
  126  10:39  Baneling x2  
  126  10:41  Overlord  
  111  10:43  Zergling x8  
  111  10:47  Baneling  
  111  10:48  Baneling x5  
  111  10:49  Queen  
  115  10:56  Queen  
  119  11:00  Baneling x3  
  117  11:06  Zergling x14  
  109  11:11  Overseer  
  107  11:23  Overlord  
  107  11:24  Overlord x3  
  96  11:44  Overlord  
Show
View Real Time Build Order
Export as new Build Order

Reynor Zerg - Winner!

Build Orders: Pool First, Lurkers 

Get SALT Encoding   

  8  0:00  Drone  
  9  0:10  Drone  
  10  0:32  Spawning Pool  
  9  0:38  Drone  
  10  0:43  Drone  
  10  0:49  Drone  
  12  0:59  Overlord  
  12  1:19  Zergling x6  
  15  1:30  Zergling x2  
  16  1:39  Zergling x2  
  17  1:49  Zergling x2  
  17  1:52  Hatchery  
  17  1:59  Zergling x2  
  18  2:12  Queen  
  20  2:22  Overlord  
  20  2:41  Drone x2  
  20  2:43  Drone  
  21  2:51  Drone  
  21  2:57  Queen  
  23  3:02  Drone  
  21  3:06  Drone  
  21  3:12  Drone  
  22  3:14  Drone  
  23  3:21  Drone  
  23  3:24  Drone  
  23  3:26  Drone x2  
  27  3:32  Overlord  
  27  3:35  Drone  
  27  3:38  Drone  
  29  3:43  Drone  
  29  3:45  Overlord  
  30  3:53  Drone x2  
  32  4:03  Extractor, Drone, Queen  
  32  4:05  Drone x2  
  32  4:08  Drone  
  37  4:10  Drone  
  37  4:12  Drone  
  37  4:14  Extractor  
  37  4:16  Drone  
  39  4:17  Drone  
  39  4:21  Overlord  
  40  4:39  Overlord  
  40  4:40  Drone x2  
  40  4:41  Drone x3  
  40  4:44  Drone x3  
  48  4:51  Evolution Chamber  
  47  4:53  Overlord  
  47  4:54  Lair  
  47  5:02  Drone x5  
  47  5:03  Drone  
  53  5:15  Hatchery  
  53  5:16  Extractor  
  53  5:17  Extractor, Metabolic Boost  
  50  5:21  Drone x2  
  50  5:24  Zergling x4  
  50  5:28  Overlord  
  54  5:30  Zergling x2  
  55  5:35  Zergling x4  
  55  5:36  Zergling x2  
  55  5:40  Zergling x2  
  55  5:41  Zergling x4  
  55  5:42  Zerg Melee Weapons Level 1  
  61  5:44  Zergling x4  
  63  5:53  Spire, Zergling x2  
  63  5:54  Zergling x2  
  64  5:58  Zergling x6  
  64  6:03  Overlord  
  67  6:07  Zergling x2  
  67  6:08  Zergling x6  
  71  6:15  Zergling x2  
  71  6:16  Overlord  
  72  6:24  Zergling x2  
  72  6:26  Roach Warren  
  72  6:27  Evolution Chamber  
  72  6:28  Zergling x8  
  63  7:02  Mutalisk x7  
  63  7:06  Mutalisk  
  78  7:08  Zergling x2  
  78  7:09  Zergling x6  
  78  7:10  Zergling x4  
  78  7:11  Overlord  
  79  7:16  Mutalisk  
  79  7:18  Roach Warren  
  77  7:25  Mutalisk  
  78  7:30  Zergling x2  
  78  7:31  Zergling x10  
  81  7:37  Mutalisk  
  83  7:47  Baneling Nest  
  83  7:52  Drone x2  
  83  7:57  Mutalisk x2  
  89  7:59  Overlord  
  89  8:00  Zergling x4  
  89  8:04  Hatchery  
  89  8:05  Zergling x2  
  91  8:11  Drone x2  
  87  8:20  Mutalisk x2  
  87  8:22  Drone x2  
  87  8:27  Zergling x4  
  95  8:29  Drone  
  95  8:30  Baneling x2  
  95  8:31  Baneling, Drone x2  
  98  8:37  Infestation Pit  
  98  8:39  Zergling x2  
  98  8:41  Zergling x2  
  99  8:48  Drone x2  
  99  8:52  Drone, Overlord  
  99  8:54  Drone  
  99  8:55  Drone  
  104  8:56  Zerg Missile Weapons Level 1  
  104  8:57  Overlord  
  104  9:03  Overlord  
  104  9:08  Overlord  
  104  9:11  Drone x2  
  104  9:13  Zerg Ground Armor Level 1  
  104  9:14  Hive  
  106  9:17  Drone  
  106  9:18  Drone  
  106  9:19  Hydralisk Den  
  106  9:21  Centrifugal Hooks  
  106  9:23  Extractor, Drone  
  107  9:24  Drone, Extractor  
  107  9:26  Drone  
  107  9:27  Drone  
  109  9:32  Zergling x6  
  109  9:33  Drone  
  113  9:42  Drone x2  
  113  9:43  Drone  
  116  9:47  Drone x2  
  116  9:49  Drone  
  116  9:51  Lurker Den  
  118  10:00  Drone  
  118  10:04  Overlord  
  119  10:08  Hatchery  
  119  10:11  Baneling x10  
  119  10:12  Hydralisk x4  
  126  10:21  Hydralisk x2  
  126  10:22  Zergling x10  
  126  10:25  Overlord  
  135  10:35  Hydralisk x2  
  135  10:36  Zergling x8  
  135  10:39  Overlord  
  138  10:49  Baneling x2  
  138  10:52  Lurker x4  
  138  10:55  Zergling x24  
  145  11:05  Zergling x4  
  145  11:06  Zergling x6  
  141  11:13  Lurker  
  141  11:14  Lurker  
  141  11:16  Baneling  
  141  11:17  Baneling x4  
  141  11:18  Hydralisk, Zergling x4  
  137  11:19  Zergling x8  
  140  11:30  Zergling x12  
  140  11:38  Zergling x6  
  134  11:43  Zergling x6  
Tags
 
Composition
Lurkers
Matchup
ZvZ
Race
Zerg
Replay Pack
hsc29
Spawn Locations
Cross Positions
Add a new tag
Caveats
  • Supply blocks, unpowered buildings, or Contaminate may cause inaccurate times.
  • Supply counts are checked every 10 seconds.